 Dungeon Crawl Stone Soup version 0.27-a0-732-ga892ba84f6 (webtiles) character file.

Game seed: 2514629535606906121

18 leviel the Magician (level 2, 0/21 HPs)
             Began as a Djinni Venom Mage on Mar 24, 2021.
             Slain by a hobgoblin (7 damage)
             ... on level 1 of the Dungeon.
             The game lasted 00:01:40 (621 turns).

leviel the Magician (Djinni Venom Mage)              Turns: 621, Time: 00:01:41

Health: 0/21       AC:  2    Str:  7    XL:     2   Next: 70%
Magic:  0/0        EV: 12    Int: 16    God:
Gold:   67         SH:  0    Dex: 13    Spells: 0/7 levels left

rFire    + + .     SeeInvis .   f - +1 spear (vorpal)
rCold    x . .     Faith    .   (no shield)
rNeg     . . .     Spirit   .   a - +0 robe
rPois    ∞         Reflect  .   (no helmet)
rElec    .         Harm     .   (no cloak)
rCorr    .         Rampage  .   (no gloves)
Will     .....                  (boots unavailable)
Stlth    ++........             (no amulet)
HPRegen  0.07/turn              (no ring)
MPRegen  0.00/turn              (no ring)

@: flying
A: fire resistance 2, cold vulnerability 1, float, innate caster, hp casting,
extra vitality 1
a: no special abilities


You were on level 1 of the Dungeon.
You visited 1 branch of the dungeon, and saw 1 of its levels.

You collected 67 gold pieces.

Inventory:

Hand Weapons
 f - a +1 vorpal spear (weapon)
Armour
 a - a +0 robe (worn)
Scrolls
 c - a scroll of identify {unknown}
 d - a scroll of silence {unknown}
 g - a scroll of teleportation {unknown}
 h - 2 scrolls of enchant weapon {unknown}
Potions
 b - a potion of heal wounds {unknown}
 e - a potion of magic {unknown}


   Skills:
 + Level 2.3 Dodging
 + Level 1.7 Stealth
 + Level 3.2 Spellcasting


You couldn't memorise any spells.
You knew the following spells:

 Your Spells              Type           Power      Damage    Failure   Level
a - Sting                 Tmut/Pois      52%        1d5       4%          1
b - Poisonous Vapours     Pois/Air       26%        N/A       7%          2
c - Mephitic Cloud        Conj/Pois/Air  13%        N/A       14%         3
d - Ignite Poison         Fire/Tmut/Pois 13%        N/A       14%         3
e - Olgreb's Toxic Radia  Pois           13%        N/A       43%         4
Your spell library was empty.

Dungeon Overview and Level Annotations

Branches:
Dungeon (1/15)

Altars:


Innate Abilities, Weirdness & Mutations

You are immune to poison.
Your flesh is very heat resistant. (rF++)
You are vulnerable to cold. (rC-)
You float through the air rather than walking.
You learn spells naturally, not from books.
Your magical power is your life essence.
You have superior vitality. (+4 HP)


Message History

The sting misses the kobold.
The kobold throws a stone.
The stone misses you. The kobold hits you but does no damage.
The sting misses the kobold.
The kobold hits you with a +0 short sword.
You kill the kobold!
The kobold hits you with a +0 dagger.
You hit the kobold but do no damage. The kobold closely misses you.
You hit the kobold.
You kill the kobold!
The goblin closely misses you.
You barely miss the goblin. The goblin hits you with a +0 club.
* * * LOW HITPOINT WARNING * * *
You hit the goblin.
The goblin is heavily wounded.
The goblin hits you with a +0 club.
* * * LOW HITPOINT WARNING * * *
You are too injured to fight recklessly!
Things that are here:
a +0 dagger; 5 stones; a kobold corpse You are too injured to fight recklessly!
You hit the goblin.
You kill the goblin!
Things that are here:
a +0 club; a goblin corpse You start resting.
A hobgoblin is nearby!
A hobgoblin is nearby!
You see here a +0 short sword.
A hobgoblin is nearby!
You start resting.
A hobgoblin is nearby!
You see here a +0 short sword.
A hobgoblin is nearby!
You start resting.
A hobgoblin is nearby!
The hobgoblin shouts!
The hobgoblin closely misses you.
You see here a +0 short sword.
You closely miss the hobgoblin. The hobgoblin hits you!
You die...

#.##.....
#.##.....
##'#######
#####....#
#(..'....#
#.###....#
#####.#......#
#.g...†......#####
#@###.###.........
#..)).............
###########.......
#....... #.).....
#....... #g......
#.....K. #.J.g...


You could see a hobgoblin.

Vanquished Creatures
  3 ball pythons (D:1)
  2 giant cockroaches (D:1)
  2 goblins (D:1)
  2 kobolds (D:1)
  3 oozes (D:1)
  A quokka (D:1)
  A bat (D:1)
  2 frilled lizards (D:1)
  A rat (D:1)
17 creatures vanquished.

Notes
Turn   | Place    | Note
-------+----------+-------------------------------------------
     0 | D:1      | leviel the Djinni Venom Mage began the quest for the Orb.
     0 | D:1      | Reached XP level 1. HP: 15/15 MP: 0/0
   158 | D:1      | Reached skill level 3 in Spellcasting
   163 | D:1      | Reached XP level 2. HP: 17/21 MP: 0/0
   621 | D:1      | Slain by a hobgoblin

Illustrated notes

Levels and vault maps discovered:
D:1:      dpeg_arrival_rhombus, layout_basic

Skill      XL: |  1 |
---------------+----+-----
Spellcasting   | 3 |  3.2
Dodging        | |  2.3
Stealth        | |  1.7

Action                   || total
-------------------------++-------
Melee: Spear             ||    13
 Cast: Sting             ||    24
Armor: Robe              ||     6
Dodge: Dodged            ||    15

Table legend: (Time is in decaauts)
 A = Elapsed time spent in this place.
 B = Non-inter-level travel time spent in this place.
 C = Inter-level travel time spent in this place.
 D = Time resting spent in this place.
 E = Time spent auto-exploring this place.
 F = Levels seen in this place.
 G = Mean time per level.
                   A        B        C        D        E       F      G
               +--------+--------+--------+--------+--------+-----+--------+
         Total |    621 |    621 |      0 |     47 |    442 |   1 |  621.0 |
       Dungeon |    621 |    621 |      0 |     47 |    442 |   1 |  621.0 |
               +--------+--------+--------+--------+--------+-----+--------+

Top non-repeatable levels by time:
     D:1: 621 daAuts
